 Dungeon Crawl Stone Soup version 0.29-a0-311-gcbd9eb2193 (webtiles) character file.

Game seed: 15426410390360360583

4876 heavoid the Protected (level 10, -8/88 HPs)
             Began as a Minotaur Fighter on Mar 28, 2022.
             Was a Priest of Cheibriados.
             Mangled by a two-headed ogre
             ... wielding a +0 giant spiked club
              (17 damage)
             ... on level 8 of the Dungeon.
             The game lasted 01:01:56 (6303 turns).

heavoid the Protected (Minotaur Fighter)            Turns: 6303, Time: 01:01:57

Health: -8/88      AC: 12    Str: 33    XL:     10   Next: 26%
Magic:  9/9        EV: 11    Int: 16    God:    Cheibriados [***...]
Gold:   411        SH:  8    Dex: 24    Spells: 5/9 levels left

rFire   + . .      SeeInvis .   e - +1 whip (flame)
rCold   x . .      Faith    .   c - +0 buckler
rNeg    . . .      Spirit   .   E - +1 chain mail of the Lily {Regen+ rCorr Str+4 Dex+4}
rPois   .          Reflect  .   (helmet restricted)
rElec   .          Harm     .   (no cloak)
rCorr   +          Rampage  .   (no gloves)
Will    +....                   (no boots)
Stlth   ..........              l - amulet of regeneration
HPRegen 1.84/turn               r - ring of fire
MPRegen 0.11/turn               (no ring)

@: studying Shields, very slow
A: horns 2, retaliatory headbutt, agile 1, clever 1, strong-willed 1
a: Renounce Religion, Bend Time, Temporal Distortion


You were on level 8 of the Dungeon.
You worshipped Cheibriados.
Cheibriados was most pleased with you.
You visited 2 branches of the dungeon, and saw 9 of its levels.
You also visited: Sewer.

You collected 411 gold pieces.

Inventory:

Hand Weapons
 a - a +0 trident
 e - a +1 whip of flaming (weapon)
 p - a +1 vorpal longbow
 s - a +3 quarterstaff of chaos
 u - a +4 dagger of freezing
Missiles
 f - 264 stones (quivered)
 H - a throwing net
Armour
 b - a +0 scale mail
 c - a +0 buckler (worn)
 E - the +1 chain mail of the Lily (worn) {Regen+ rCorr Str+4 Dex+4}
   (You found it on level 4 of the Dungeon)

   Str:       It affects your strength (+4).
   Dex:       It affects your dexterity (+4).
   Regen:     It increases your rate of health regeneration.
   rCorr:     It protects you from acid and corrosion.
Magical Staves
 m - a staff of poison
Jewellery
 l - an amulet of regeneration (around neck)
 r - a ring of fire (left hand)
 t - a ring of poison resistance
Wands
 h - a wand of iceblast (7)
 n - a wand of charming (6)
 w - a wand of flame (20)
Scrolls
 g - 2 scrolls of fog
 k - a scroll of identify
 o - a scroll of silence
 A - 2 scrolls of teleportation {unknown}
 B - a scroll of enchant armour {unknown}
Potions
 d - 5 potions of might
 i - a potion of mutation
 j - 2 potions of brilliance
 q - 2 potions of degeneration
 v - a potion of resistance {unknown}
 C - 3 potions of curing
 F - a potion of lignification
 G - 2 potions of heal wounds
 I - a potion of attraction
 J - a potion of flight {unknown}


   Skills:
 + Level 7.7 Fighting
 + Level 9.6 Maces & Flails
 + Level 3.3 Polearms
 + Level 0.8 Throwing
 + Level 10.7 Armour
 + Level 3.6 Dodging
 + Level 1.5 Stealth
 + Level 10.1 Shields
 + Level 0.9 Invocations


You had 5 spell levels left.
You knew the following spells:

 Your Spells              Type           Power      Damage    Failure   Level
a - Dispel Undead         Necr           0%         3d6       100%        4

Your spell library contained the following spells:

 Spells                   Type           Power      Damage    Failure   Level
 Animate Skeleton         Necr           0%         N/A       71%         1
 Apportation              Tloc           0%         N/A       71%         1
 Summon Small Mammal      Summ           0%         N/A       71%         1
 Corpse Rot               Necr/Air       0%         N/A       83%         2
 Call Canine Familiar     Summ           0%         N/A       97%         3
 Dazzling Flash           Conj/Hex       0%         N/A       97%         3
 Portal Projectile        Hex/Tloc       0%         N/A       97%         3
 Iskenderun's Mystic Bla  Conj/Tloc      0%         2d3       100%        4
 Leda's Liquefaction      Hex/Erth       0%         N/A       100%        4
 Death Channel            Necr           0%         N/A       100%        6
 Starburst                Conj/Fire      0%         6d3       100%        6


Dungeon Overview and Level Annotations

Branches:
Dungeon (8/15)             Temple (1/1) D:4           Sewer (visited)
   Lair: D:8-11

Altars:
Ashenzari
Cheibriados
Elyvilon
Fedhas
Gozag
Hepliaklqana
Kikubaaqudgha
Makhleb
Nemelex Xobeh
Okawaru
Qazlal
Ru
Sif Muna
Trog
Uskayaw
Vehumet
Wu Jian
Xom
Yredelemnul
Zin
The Shining One

Annotations:
D:7 exclusion: oklob plant


Innate Abilities, Weirdness & Mutations

You have a pair of horns on your head.
You reflexively headbutt those who attack you in melee.
You are agile. (Dex +2)
Your mind is acute. (Int +2)
You are strong-willed. (Will+)


Message History

A puff of flame appears from out of thin air!
The puff of flame hits you. You resist.
You hit something but do no damage. You closely miss something.
You headbutt something.
Cheibriados appreciates the change of pace.
Reactivating autopickup.
You feel a bit more experienced.
Things that are here:
a +0 dagger; a +0 robe; an orc corpse
Things that are here:
a +0 dagger; a +0 robe; an orc corpse
Things that are here:
a +0 club; a +0 ring mail
Things that are here:
a +0 club; an orc corpse
There is a stone staircase leading up here.
Things that are here:
a +0 short sword; a +0 chain mail
There is a stone staircase leading up here.
Things that are here:
a +0 club; an orc corpse A two-headed ogre comes into view.
It is wielding a +0 giant spiked club and a +0 giant club.
The two-headed ogre shouts in stereo!
A centaur warrior comes into view.
The two-headed ogre attacks as you move away!
The two-headed ogre hits you with a +0 giant spiked club!!
The two-headed ogre hits you with a +0 giant club!
The two-headed ogre hits you with a +0 giant spiked club!!
The two-headed ogre hits you with a +0 giant club!!
* * * LOW HITPOINT WARNING * * *
As you read the scroll labelled IRAHAD JUISAC, it crumbles to dust.
It is a scroll of brand weapon.
Your +1 whip of venom is engulfed in flames!
e - a +1 whip of flaming (weapon)
The two-headed ogre hits you with a +0 giant spiked club!
* * * LOW HITPOINT WARNING * * *
The two-headed ogre barely misses you.
The two-headed ogre attacks as you move away!
The two-headed ogre hits you with a +0 giant spiked club!
You die...

#..# #.## #.#
#.# #.# #.# #)#
########)####
.......)<)@.#
#.###########O##
...........c...#
#.##############


You could see a two-headed ogre.

Vanquished Creatures
  The ghost of Xenophilius the Ducker, a novice GnGl of Okawaru (D:7)
  An ugly thing (D:7)
  Joseph (D:7)
  A gargoyle (D:7)
  A shadow (D:7)
  A wyvern (D:7)
  A steam dragon (D:6)
  Menkaure (D:5)
  A water moccasin (D:7)
  An ice beast (D:6)
  An orc warrior (D:6)
  6 black bears
  2 ogres
  A centaur (D:7)
  3 phantoms
  Blork the orc (D:5)
  A kobold brigand (D:7)
  2 scorpions
  2 bullfrogs (D:7)
  A gnoll sergeant (D:5)
  A wight (D:7)
  3 killer bees (D:5)
  A gnoll shaman (D:5)
  6 hounds
  An orc priest (D:6)
  Crazy Yiuf (D:3)
  An iguana (D:6)
  Ijyb (D:4)
  7 orc wizards
  A hell rat (Sewer)
  Robin (D:4)
  21 gnolls
  2 river rats (Sewer)
  6 adders
  4 white imps
  An ufetubus (D:5)
  A worm (D:2)
  3 dart slugs
  19 orcs
  3 ball pythons (D:2)
  5 endoplasms
  4 giant cockroaches
  13 goblins
  12 hobgoblins
  3 quokkas
  6 bats
  3 frilled lizards
  8 kobolds
  16 rats
184 creatures vanquished.

Vanquished Creatures (others)
  3 plants (D:2)
3 creatures vanquished.

Grand Total: 187 creatures vanquished

Notes
Turn   | Place    | Note
-------+----------+-------------------------------------------
     0 | D:1      | heavoid the Minotaur Fighter began the quest for the Orb.
     0 | D:1      | Reached XP level 1. HP: 19/19 MP: 0/0
   121 | D:1      | Gained mutation: You are agile. (Dex +2) [potion of
                  | mutation]
   121 | D:1      | Gained mutation: Your mind is acute. (Int +2) [potion of
                  | mutation]
   121 | D:1      | Gained mutation: You are strong-willed. (Will+) [potion of
                  | mutation]
   199 | D:1      | Reached XP level 2. HP: 27/27 MP: 1/1
   875 | D:2      | Reached XP level 3. HP: 33/33 MP: 2/2
   907 | D:2      | Found a sparkling altar of Nemelex Xobeh.
  1221 | D:2      | Found a faded altar of an unknown god.
  1343 | D:2      | Reached XP level 4. HP: 40/40 MP: 3/3
  1792 | D:3      | Reached skill level 1 in Maces & Flails
  1806 | D:3      | Reached skill level 5 in Armour
  2287 | D:3      | Found a runed translucent door.
  2288 | D:3      | Noticed Crazy Yiuf
  2298 | D:3      | Killed Crazy Yiuf
  2299 | D:3      | Reached XP level 5. HP: 27/47 MP: 4/4
  2525 | D:4      | Noticed a black bear
  2535 | D:4      | Killed a black bear
  2536 | D:4      | Reached XP level 6. HP: 13/53 MP: 5/5
  2548 | D:4      | Found a glowing drain.
  2548 | D:4      | Noticed Robin
  2557 | Sewer    | Entered a sewer
  2574 | Sewer    | Learned a level 4 spell: Dispel Undead
  2668 | D:4      | Reached skill level 1 in Dodging
  2672 | D:4      | Killed Robin
  2691 | D:4      | Noticed Ijyb
  2699 | D:4      | Killed Ijyb
  2735 | D:4      | Found a staircase to the Ecumenical Temple.
  2763 | Temple   | Entered the Ecumenical Temple
  2928 | Temple   | Became a worshipper of Cheibriados the Contemplative
  3397 | D:4      | Reached XP level 7. HP: 60/60 MP: 6/6
  3401 | D:4      | Identified the +1 chain mail of the Lily {Regen+ rCorr
                  | Str+4 Dex+4}
  3485 | D:4      | Found a sparkling altar of Nemelex Xobeh.
  3489 | D:4      | Found a broken altar of Ashenzari.
  3578 | D:5      | Entered Level 5 of the Dungeon
  3594 | D:5      | Reached skill level 5 in Shields
  3607 | D:5      | Reached skill level 5 in Fighting
  3607 | D:5      | Reached skill level 1 in Stealth
  3633 | D:5      | Reached * piety under Cheibriados
  3710 | D:5      | Noticed Blork the orc
  3720 | D:5      | Killed Blork the orc
  3728 | D:5      | Reached skill level 5 in Maces & Flails
  3798 | D:5      | Reached XP level 8. HP: 63/69 MP: 3/7
  4149 | D:5      | Noticed Menkaure
  4156 | D:5      | Killed Menkaure
  4327 | D:5      | Found a sacrificial altar of Ru.
  4767 | D:6      | Reached ** piety under Cheibriados
  4971 | D:6      | Reached XP level 9. HP: 75/75 MP: 8/8
  5143 | D:7      | Found a transporter.
  5154 | D:7      | Noticed an oklob plant
  5155 | D:7      | Noticed Xenophilius's ghost (novice GnGl)
  5155 | D:7      | Noticed a red ugly thing
  5157 | D:7      | Noticed a gargoyle
  5169 | D:7      | Killed a gargoyle
  5188 | D:7      | Killed a red ugly thing
  5204 | D:7      | Reached skill level 10 in Armour
  5272 | D:7      | Killed Xenophilius's ghost
  5288 | D:7      | Reached XP level 10. HP: 40/86 MP: 9/9
  5294 | D:7      | Found a transporter.
  5501 | D:7      | Identified the +0 robe "Owofaxid" {rPois}
  5734 | D:7      | Reached skill level 10 in Shields
  5819 | D:7      | Noticed Joseph
  5848 | D:7      | Killed Joseph
  6232 | D:7      | Reached *** piety under Cheibriados
  6293 | D:8      | Noticed a two-headed ogre
  6294 | D:8      | Noticed a centaur warrior
  6303 | D:8      | Mangled by a two-headed ogre

Illustrated notes

Levels and vault maps discovered:
D:1:      wander_arrival_abandoned_jail, layout_loops_ring, minmay_pentomino_r2
D:2:      layout_basic, serial_forest, infiniplex_forest_diagonal,
          infiniplex_forest_clump_small, infiniplex_forest_side_room,
          infiniplex_forest_straight_3, infiniplex_forest_clump_small,
          infiniplex_forest_lined_4_way, infiniplex_forest_clump_curved,
          infiniplex_forest_lined_room_, basic_altar,
          hellmonk_ecumenical_altar_lost_god
D:3:      layout_loops_ring, minmay_misc_feat_x, uniq_crazy_yiuf_cottage
D:4:      layout_gridville, grunt_temple_overflow_open,
          minmay_temple_entry_offerings, cheibrodos_sewer_entry_drain,
          item_on_display_a, uniq_robin, uniq_ijyb
D:5:      layout_loops_ring, nicolae_ru_path_of_blood, uniq_menkaure,
          uniq_blork_the_orc
D:6:      black_bear_nest_2, layout_loops_ring
D:7:      layout_gridville, nzn_ghost_randoct, uniq_joseph
D:8:      nzn_winding_woodlands_large [nzn_winding_woodlands_5x5_open_star,
          nzn_winding_woodlands_5x15_split_checker,
          nzn_winding_woodlands_5x5_three, nzn_winding_woodlands_center_garden,
          nzn_winding_woodlands_15x15_eel_pit,
          nzn_winding_woodlands_center_diamonds,
          nzn_winding_woodlands_5x5_closed_star, nzn_winding_woodlands_5x15_eye,
          nzn_winding_woodlands_5x5_perimeter], layout_basic,
          nicolae_dithmenos_shadow_blocks, grunt_decor_resistance,
          hangedman_abyss_or_decor_stabs
Temple:   compressed_dpeg_circular_temple

Skill      XL: |  1  2  3  4  5  6  7  8  9 10 |
---------------+-------------------------------+-----
Fighting       | 4 5 6 7 |  7.7
Armour         | 4 5 6 7 9 10 | 10.7
Polearms       | 3 |  3.3
Maces & Flails | 1 2 3 5 7 9 |  9.6
Shields        | 4 5 7 9 10 | 10.1
Dodging        | 1 2 3 |  3.6
Stealth        | 1 |  1.5
Throwing       | |  0.8
Invocations    | |  0.9

Action                   |  1- 3 |  4- 6 |  7- 9 | 10-12 || total
-------------------------+-------+-------+-------+-------++-------
Melee: Trident           |    19 |       |       |       ||    19
       Headbutt          |    12 |    34 |    54 |    20 ||   120
       Whip              |    57 |   143 |   283 |    76 ||   559
Throw: Stone             |       |       |     1 |    20 ||    21
Invok: Bend Time         |       |       |     2 |       ||     2
  Use: Potion            |     2 |     2 |     8 |       ||    12
       Scroll            |     4 |     4 |     4 |     1 ||    13
 Stab: Invisible         |       |     3 |       |       ||     3
Armor: Scale mail        |    25 |    77 |       |       ||   102
       Chain mail        |       |       |    98 |    24 ||   122
       Skin              |       |       |    26 |       ||    26
Dodge: Dodged            |    24 |    77 |   107 |    30 ||   238
Block: Buckler           |    12 |    31 |    76 |    21 ||   140

Table legend: (Time is in decaauts)
 A = Elapsed time spent in this place.
 B = Non-inter-level travel time spent in this place.
 C = Inter-level travel time spent in this place.
 D = Time resting spent in this place.
 E = Time spent auto-exploring this place.
 F = Levels seen in this place.
 G = Mean time per level.
                   A        B        C        D        E       F      G
               +--------+--------+--------+--------+--------+-----+--------+
         Total |   7445 |   7439 |      6 |      0 |   4336 |  10 |  744.5 |
       Dungeon |   7130 |   7124 |      6 |      0 |   4336 |   8 |  891.2 |
        Temple |    222 |    222 |      0 |      0 |      0 |   1 |  222.0 |
         Sewer |     92 |     92 |      0 |      0 |      0 |   1 |   92.0 |
               +--------+--------+--------+--------+--------+-----+--------+

Top non-repeatable levels by time:
     D:7: 1455 daAuts
     D:6: 1080 daAuts
     D:5: 1027 daAuts
     D:4: 1000 daAuts
     D:2: 885 daAuts
     D:1: 797 daAuts
     D:3: 784 daAuts
  Temple: 222 daAuts
     D:8: 99 daAuts
   Sewer: 92 daAuts
